Unix NetHack Version 3.7.0-82 Work-in-progress - last build Apr 17 2023 03:07:26 (e853d47aa369caa3f400cfc56ad4c4ae4a18b75a,branch:master). Game began 2023-04-25 22:43:16, ended 2023-04-27 17:50:13. DoktorL, neutral male human Archeologist ---- |.... ---...- |?...-- -------.=.-- ----- |.%%.[[%..| .A.| |...------- ---------..-- ----.-- D|.@.....|a..-- --...... |.......|.a..---....... A|..@@...)%@.&.A%...... @|.....%.|a.A.---..... |.......|...-- --... ---------..-- --- a ...| ----- DoktorL the Excavator St:18/09 Dx:14 Co:18 In:14 Wi:18 Ch:11 Neutral S:781166 Astral Plane $:0 HP:65(137) Pw:88(100) AC:-17 Xp:16/347472 T:29278 Latest messages: The fire ant bites! The fire ant misses! The high priestess intones: "Pilgrim, you enter a sacred place!" There is an open door here. There are several objects here. The fire ant misses! The fire ant just misses! The umber hulk turns to flee. The guardian Angel of Camaxtli swings his long sword at the priestess of Huhetotl. The guardian Angel of Camaxtli hits the priestess of Huhetotl. The guardian Angel of Camaxtli swings his long sword at the priestess of Huhetotl. The guardian Angel of Camaxtli hits the priestess of Huhetotl. The guardian Angel of Camaxtli hits the priestess of Huhetotl. The priestess of Huhetotl swings her mace at the guardian Angel of Camaxtli. The priestess of Huhetotl hits the guardian Angel of Camaxtli. The priestess of Huhetotl misses the guardian Angel of Camaxtli. Andy the invisible Student of Metals turns to flee. The renegade Angel of Camaxtli points at you, then curses. "Mercy! Dost thou wish me to die of laughter?" The Angel of Quetzalcoatl points at you, then curses. The Angel of Huhetotl points at you, then curses. The fiery blade burns the umber hulk! You kill the umber hulk! Death moves the renegade Angel of Camaxtli out of the way! The guardian Angel of Camaxtli swings his long sword at the priestess of Huhetotl. The guardian Angel of Camaxtli hits the priestess of Huhetotl. The guardian Angel of Camaxtli swings his long sword at the priestess of Huhetotl. The guardian Angel of Camaxtli hits the priestess of Huhetotl. The guardian Angel of Camaxtli hits the priestess of Huhetotl. The priestess of Huhetotl is killed! The Angel of Quetzalcoatl points at you, then curses. You hear a mumbled curse. What do you want to use or apply? [eflnp-ux-zAFINSVXZ or ?*] You feel less confused now. You hear a rumbling noise. Death moves the guardian Angel of Camaxtli out of the way! The Angel of Quetzalcoatl picks up a cursed mace. You hear a mumbled curse. Pick an object. Death moves the Angel of Quetzalcoatl out of the way! You hear a chugging sound. # What do you want to sacrifice? [C or ?*] You offer the Amulet of Yendor to Camaxtli... An invisible choir sings, and you are bathed in radiance... The voice of Camaxtli booms out: "Mortal, thou hast done well!" "In return for thy service, I grant thee the gift of Immortality!" You ascend to the status of Demigod... Do you want your possessions identified? [ynq] (y) Inventory: Amulets R - an uncursed amulet of reflection (being worn) Weapons b - 7 +4 knives (at the ready) E - a +4 knife a - the rustproof +6 Fire Brand (wielded in right hand) j - a +2 silver saber (wielded in left hand) Armor B - an uncursed rusty +1 orcish helm (being worn) Y - an uncursed burnt +1 pair of leather gloves (being worn) m - an uncursed +0 pair of speed boots (being worn) K - an uncursed +0 pair of water walking boots g - an uncursed fireproof +1 cloak of protection (being worn) i - an uncursed +3 Hawaiian shirt with a parrot motif (being worn) h - a blessed +3 gray dragon scale mail (being worn) Comestibles U - an uncursed lizard corpse Spellbooks n - the uncursed Book of the Dead Rings c - an uncursed +1 ring of increase damage (on right hand) L - an uncursed ring of sustain ability Wands I - a wand of cancellation (0:1) X - a wand of death (1:7) F - a wand of death (1:5) S - a blessed wand of digging (0:7) u - a wand of digging (0:6) x - a wand of digging named 2 (0:0) z - a wand of fire (0:0) y - a wand of teleportation (1:3) r - a wand of teleportation named tele (0:0) Tools t - a blessed bag of holding containing 36 items f - an empty uncursed sack named pray:7500 N - an uncursed bugle q - the Bell of Opening (0:0) V - an uncursed blindfold l - an uncursed brass lantern (lit) Z - the cursed Candelabrum of Invocation (7 of 7 candles attached) p - the blessed Orb of Detection (0:0) s - an uncursed skeleton key e - a blessed +0 unicorn horn named COLD POIS SLEP A - a +0 unicorn horn Gems/Stones H - an uncursed luckstone Contents of the bag of holding: a +2 bullwhip a +4 scimitar named high a +0 silver saber an uncursed burnt +0 oilskin cloak an uncursed apple an uncursed C-ration an uncursed food ration an uncursed K-ration an uncursed lembas wafer an uncursed sprig of wolfsbane an uncursed killer bee egg 2 uncursed eggs 6 blessed scrolls of blank paper 3 cursed scrolls of blank paper a blessed scroll of charging named blessed . a cursed scroll of confuse monster 2 uncursed scrolls of fire a blessed scroll of food detection an uncursed scroll of genocide an uncursed scroll of remove curse an uncursed scroll of teleportation a blessed potion of acid an uncursed potion of booze an uncursed potion of extra healing 2 uncursed diluted potions of full healing 3 uncursed potions of paralysis an uncursed potion of restore ability 6 potions of holy water a wand of light (0:12) a wand of speed monster (0:3) a wand of striking (0:8) a wand of wishing (1:0) 3 uncursed wax candles a magic marker (0:69) a magic marker (1:8) an uncursed touchstone DoktorL the Archeologist's attributes: Background: You were an Excavator, a level 16 male human Archeologist. You were neutral, on a mission for Camaxtli who was opposed by Quetzalcoatl (lawful) and Huhetotl (chaotic). You were in the endgame, on the Astral Plane. You entered the dungeon 29278 turns ago. You had 347472 experience points, 292528 more were needed to attain level 17. Your score was 781166 before end-of-game adjustments. Basics: You had 65 out of 137 hit points. You had 88 out of 100 energy points (spell power). Your armor class was -17. Your wallet was empty. Autopickup was off. Final Characteristics: Your strength was 18/09 (peak:18/10, limit:18/100). Your dexterity was 14 (limit:18). Your constitution was 18 (limit:18). Your intelligence was 14 (limit:18). Your wisdom was 18 (limit:18). Your charisma was 11 (limit:18). Final Status: You were not hungry. You were unencumbered. You were wielding two weapons at once. You had basic skill with long sword and two weapons. You also had basic skill with saber and two weapons. You could have enhanced skill with saber. Final Attributes: You were piously aligned. You were magic-protected. You were fire resistant. Your items were protected from fire. You were cold resistant. You were sleep resistant. You were poison resistant. You saw invisible. You were telepathic. You had automatic searching. You were stealthy. You had a small damage bonus (+1). You had a small defense bonus (+5). You were protected. You took half spell damage. You were very fast. You had reflection. You were extremely lucky. You had extra luck. Bad luck did not time out for you. Good luck did not time out for you. You survived. Miscellaneous: You disabled loading of bones levels. Total elapsed playing time was 6 hours, 25 minutes and 53 seconds. Major events: Turn 1: DoktorL the neutral male human Archeologist entered the dungeon 1728: entered the Gnomish Mines 2057: attained the rank of Field Worker (level 3) 2695: entered Sokoban 5937: reached Mine Town 7516: attained the rank of Investigator (level 6) 9848: completed 1st Sokoban level 10492: completed 2nd Sokoban level 10950: completed 3rd Sokoban level 11778: completed 4th Sokoban level 12220: acquired the Sokoban bag of holding 14427: was bestowed with Cleaver by Camaxtli 15348: attained the rank of Exhumer (level 10) 15382: was bestowed with Fire Brand by Camaxtli 17647: entered the Bigroom 20711: killed Medusa 21926: entered Gehennom 21996: attained the rank of Excavator (level 14) 22646: made his first wish - "2 holy charging", got "2 scrolls labeled FOOBIE BLETCH" 22647: wished for "2 cursed genocide", got "a scroll labeled PHOL ENDE WODAN" 22814: killed the Minion of Huhetotl 22815: found the Orb of Detection on the floor 22815: acquired the Bell of Opening 22968: wished for "marker", got "a magic marker" 24060: performed his first genocide (class L) 24537: bribed Asmodeus with 50 zorkmids for safe passage 24793: killed Juiblex 25034: bribed Baalzebub with 50 zorkmids for safe passage 25408: killed Orcus 25834: destroyed Vlad the Impaler 25853: acquired the Candelabrum of Invocation 26760: killed the Wizard of Yendor 26761: acquired the Book of the Dead 26797: performed the invocation 27291: killed the high priestess of Moloch 27293: acquired The Amulet of Yendor 27586: killed Dispater 28276: wished for "marker", got "a magic marker" 28685: killed the Wizard of Yendor (2nd time) 28850: entered the Elemental Planes 28850: entered Plane of Earth 28852: killed the Wizard of Yendor (3rd time) 28934: entered Plane of Air 29044: entered Plane of Fire 29103: entered Plane of Water 29185: entered the Astral Plane 29244: killed Death 29251: killed Death (2nd time) 29278: ascended Vanquished creatures: Dispater Orcus Juiblex the Wizard of Yendor (thrice) Death (twice) Vlad the Impaler a high cleric Medusa 2 krakens 4 iron golems 4 storm giants a glass golem the Minion of Huhetotl 3 purple worms 5 gray dragons 2 gold dragons 2 silver dragons a red dragon a white dragon 2 orange dragons 4 black dragons a blue dragon 3 green dragons 15 minotaurs 3 jabberwocks 2 baluchitheria 2 Angels a stone golem a Nazgul 11 pit fiends 2 sandestins a hell hound 2 displacer beasts 2 titanotheres 3 trappers a guardian naga a genetic engineer 4 disenchanters 21 vampire leaders a skeleton 13 aligned clerics 10 captains 4 shades 3 liches 2 water trolls a clay golem 3 nurses 4 ice devils 2 nalfeshnees 4 ettins 9 black puddings 16 vampires 7 lieutenants a watch captain 16 ghosts a queen bee 2 winged gargoyles a mind flayer 2 giant mimics 3 long worms a zruty 5 fire giants 5 ogre tyrants 3 rock trolls 4 umber hulks a flesh golem 5 elven monarchs 3 doppelgangers a hezrou 2 bone devils 5 large mimics 3 fire vortices 3 couatls 5 stalkers 9 air elementals 4 fire elementals 9 earth elementals 4 water elementals 3 hill giants a giant mummy 3 black nagas 5 xorns 9 giant zombies 6 elf-nobles 11 sergeants 9 barbed devils 6 vrocks 4 salamanders 6 wargs a winter wolf 6 hell hound pups 6 small mimics 2 glass piercers a warhorse 7 steam vortices 3 xans an ettin mummy 2 ogre leaders 3 quantum mechanics 8 trolls 2 erinyes 3 mariliths a djinni 4 sharks 3 gelatinous cubes a pyrolisk a large dog a freezing sphere 5 flaming spheres 7 shocking spheres 2 large cats 3 tigers 7 gargoyles a dwarf ruler 4 tengu 4 ochre jellies 7 leocrottas 2 energy vortices 2 mountain centaurs 3 elf mummies 17 human mummies 2 red nagas 3 green slimes a python 3 pit vipers 3 cobras 36 wraiths 2 carnivorous apes 10 ettin zombies 2 leather golems 7 Grey-elves 47 soldiers 3 watchmen 2 amorous demons 6 horned devils 5 chameleons 18 giant beetles 4 quivering blobs 12 cockatrices 7 wolves 12 winter wolf cubs 2 lynxes 2 panthers 5 gremlins 7 leprechauns an orc-captain 2 mumakil 3 giant spiders an ice vortex a baby long worm 2 black lights 3 vampire bats a forest centaur a gnome ruler 2 orc mummies 5 dwarf mummies 4 ogres 2 brown puddings 9 rust monsters 5 owlbears 2 yetis 2 gold golems 2 werewolves 9 Green-elves 6 giant eels 2 lizards 5 chickatrices a dingo a dog 2 housecats 3 dwarf leaders 4 blue jellies 3 white unicorns a black unicorn 6 dust vortices 2 ravens 2 plains centaurs 5 gnome mummies 21 snakes 4 apes 19 human zombies 13 Woodland-elves 13 soldier ants 10 fire ants 2 imps 2 lemures 6 quasits 5 wood nymphs 2 water nymphs 6 mountain nymphs 20 Uruk-hai an orc shaman 8 rock piercers a rock mole 5 ponies 2 fog clouds 8 yellow lights 4 shriekers 3 violet fungi 14 gnome leaders 6 gnomish wizards 7 kobold mummies a red naga hatchling a gray ooze 3 barrow wights 10 elf zombies 8 ghouls a straw golem a jellyfish 26 giant ants a little dog 7 floating eyes 20 dwarves 8 homunculi 2 kobold leaders 3 kobold shamans 33 hill orcs 4 rothes 4 rabid rats 4 giant bats 3 monkeys 14 orc zombies 15 dwarf zombies a wererat a werejackal 8 iguanas 39 killer bees 5 acid blobs 3 coyotes 2 gas spores 11 hobbits 4 manes 2 large kobolds 3 hobgoblins 6 giant rats 6 cave spiders a brown mold 3 yellow molds 6 green molds 61 gnomes 13 garter snakes 6 gnome zombies 11 geckos 9 jackals 3 foxes a kobold 7 goblins 3 sewer rats 22 grid bugs 6 bats 17 lichens 11 kobold zombies 18 newts 1420 creatures vanquished. Genocided or extinct species: liches demiliches master liches arch-liches erinyes (extinct) 4 species genocided. 1 species extinct. Voluntary challenges: You read items or engraved 91 times. You engraved Elbereth 15 times. You genocided 4 types of monsters. You never polymorphed an object. You used 4 wishes. You did not wish for any artifacts. You did not violate any of the special Sokoban rules. Achievements: You entered a shop. You entered the Gnomish Mines. You attained the rank of Field Worker. You entered Sokoban. You entered a temple. You entered Minetown. You attained the rank of Investigator. You completed Sokoban. You attained the rank of Exhumer. You entered the Big Room. You defeated Medusa. You entered Gehennom. You attained the rank of Excavator. You had the Bell of Opening. You had the Candelabrum of Invocation. You had the Book of the Dead. You gained access to Moloch's Sanctum. You reached the Elemental Planes. You reached the Astral Plane. You delivered the Amulet of Yendor. You ascended! The Elemental Planes: Astral Plane: <- You are here. A temple to Camaxtli. Plane of Water: Plane of Fire: Plane of Air: Plane of Earth: The Dungeons of Doom: levels 1 to 28 Level 1: One way stairs up to The Elemental Planes. Level 2: A jewelers. Level 3: A general store, a fountain, a sink. Level 4: A potion shop, some fountains. Stairs down to The Gnomish Mines. Level 5: Many fountains. Level 6: A fountain, a sink. Stairs up to Sokoban, level 5. Level 7: Level 8: A potion shop, a fountain. Level 9: A general store. Level 10: Level 11: "vault" Portal to The Quest. Level 12: A very big room. Level 13: A delicatessen, a sink. Level 14: Some fountains. Level 15: A fountain. Level 16: A primitive area. Level 17: Some altars, a fountain, a sink. Level 18: Level 19: "level tele" Level 20: Level 21: A fountain. Level 22: Level 23: "lvl tele" Some altars. Level 24: Level 25: Level 26: Level 27: Level 28: The castle. Connection to Gehennom. Gehennom: levels 29 to 48 Level 29: A temple, many graves. Valley of the Dead. Level 30: Level 31: Level 32: Level 33: Level 34: A fountain. Level 35: Level 36: Level 37: Stairs up to Vlad's Tower, level 36. Level 38: Level 39: Level 40: An altar, many graves. Level 41: Level 42: Level 43: Level 44: Level 45: "tower" Level 46: Level 47: Level 48: A temple, many graves. Moloch's Sanctum. The Gnomish Mines: levels 5 to 11 Level 5: Level 6: Level 7: Level 8: Many shops, a temple to Camaxtli, a fountain, a sink. Level 9: Level 10: Level 11: "polytrap!" The Quest: levels 1 to 5 Level 1: A throne. Completed quest for Lord Carnarvon. Level 2: Level 3: A temple to Camaxtli. Level 4: Level 5: A temple. Sokoban: levels 5 up to 2 Level 2: Solved. Level 3: Solved. Level 4: Solved. Level 5: Solved. Vlad's Tower: levels 36 up to 34 Level 34: Level 35: Level 36: Goodbye DoktorL the Demigod... You went to your reward with 1626232 points, Fire Brand (worth 3000 zorkmids and 7500 points) The Book of the Dead (worth 10000 zorkmids and 25000 points) The Orb of Detection (worth 2500 zorkmids and 6250 points) The Bell of Opening (worth 5000 zorkmids and 12500 points) The Candelabrum of Invocation (worth 5000 zorkmids and 12500 points) and 0 pieces of gold, after 29278 moves. You were level 16 with a maximum of 137 hit points when you ascended.